 Dungeon Crawl Stone Soup version 0.32-a0-876-gcfddb08e57 (webtiles) character file.

Game seed: 11782754696659291725

3417 Skryme the Magician (level 10, -6/72 HPs)
             Began as a Djinni Fire Elementalist on Apr 1, 2024.
             Was a Follower of Makhleb.
             Mangled by a wyvern (12 damage)
             ... on level 6 of the Dungeon.
             The game lasted 00:29:01 (6710 turns).

Skryme the Magician (Djinni Fire Elementalist)      Turns: 6710, Time: 00:29:01

Health: -6/72      AC:  8    Str:  3    XL:     10   Next: 25%
Gold:   439        EV: 10    Int: 24    God:    Makhleb [*.....] SH:  7 Dex: 13

rFire   + + .        i - +5 short sword
rCold   . . .        I - +2 buckler
rNeg    . . .        z - +1 leather armour of Conscience {Fly Will++}
rPois   ∞            e - +2 helmet
rElec   .            H - +0 cloak
rCorr   +            (no gloves)
SInv    .            (boots unavailable)
Will    +++..        w - amulet of the acrobat
Stlth   ++           c - ring of Ethics {rCorr Str-4 Int+2 Slay+4}
HPRegen 0.32/turn    f - ring of protection from cold
MPRegen 0.00/turn

%: acrobat, infuse magic (-7 HP)
@: flying, studying Long Blades
A: sickness immunity, fire resistance 2, cold vulnerability 1, float, innate
caster, HP casting, extra vitality 1
a: Renounce Religion


You were on level 6 of the Dungeon.
You worshipped Makhleb.
Makhleb was aware of your devotion.
You visited 1 branch of the dungeon, and saw 7 of its levels.
You also visited: Ossuary.

You collected 439 gold pieces.

Inventory:

Hand Weapons
 b - a +0 dagger
 i - a +5 short sword (weapon)
 n - a +0 broad axe
 p - a +0 short sword of freezing
 q - a +0 falchion
 r - a +0 dire flail
 t - a +0 sling
 y - a +0 trident
Missiles
 h - 28 poisoned darts
 v - 2 throwing nets
Armour
 e - a +2 helmet (worn)
 x - a +0 ring mail
 z - the +1 leather armour of Conscience (worn) {Fly Will++}
   (You found it on level 4 of the Dungeon)

   Will++:    It greatly increases your willpower.
   Fly:       It grants you flight.
 H - a +0 cloak (worn)
 I - a +2 buckler (worn)
Magical Staves
 g - a staff of air
Jewellery
 c - the ring of Ethics (left hand) {rCorr Str-4 Int+2 Slay+4}
   (You acquired it on level 7 of the Dungeon)

   [ring of slaying]

   Str-4:     It affects your strength (-4).
   Int+2:     It affects your intelligence (+2).
   Slay+4:    It affects your accuracy & damage with ranged weapons and melee
   (+4).
   rCorr:     It protects you from acid and corrosion.
 f - a ring of protection from cold (right hand)
 l - a ring of protection from fire
 u - a ring of ice
 w - an amulet of the acrobat (around neck)
Wands
 s - a wand of quicksilver (8)
 A - a wand of flame (5)
Scrolls
 d - a scroll of immolation
 j - 4 scrolls of teleportation
 k - a scroll of summoning
 m - 5 scrolls of revelation
 o - a scroll of fog
 K - a scroll of blinking
Potions
 a - a potion of ambrosia {unknown}
 B - a potion of attraction {unknown}
 C - a potion of berserk rage
 D - 2 potions of heal wounds {unknown}
 E - 2 potions of might
 F - 2 potions of cancellation {unknown}
 G - 4 potions of curing


   Skills:
 - Level 6.3 Fighting
 - Level 1.0(1.7) Short Blades
 + Level 2.2(2.3) Long Blades
 + Level 5.7 Dodging
 + Level 4.3 Stealth
 - Level 5.0 Shields
 + Level 7.5 Spellcasting
 + Level 7.5 Conjurations
 + Level 7.5 Hexes
 + Level 7.5 Summonings
 + Level 7.5 Necromancy
 + Level 7.5 Translocations
 + Level 7.5 Fire Magic
 + Level 7.5 Ice Magic
 + Level 7.5 Air Magic
 + Level 7.5 Earth Magic
 + Level 7.5 Alchemy


You knew the following spells:

 Your Spells              Type           Power      Damage    Failure   Level
a - Foxfire               Conj/Fire      100%       2x1d9     1%          1
b - Scorch                Fire           90%        2d8       1%          2
c - Volatile Blastmotes   Fire/Tloc      90%        2d17      3%          3
d - Inner Flame           Hex/Fire       45%        N/A       3%          3
e - Flame Wave            Conj/Fire      45%        2d12      12%         4
f - Sting                 Conj/Alch      100%       1d9       1%          1
g - Call Imp              Summ           90%        N/A       1%          2
h - Searing Ray           Conj           90%        2d7       1%          2
i - Leda's Liquefaction   Alch/Erth      22%        N/A       12%         4
Your spell library was empty.

Dungeon Overview and Level Annotations

Branches:
Dungeon (7/15)             Temple (0/1) D:7         Ossuary (visited)

Altars:
Cheibriados
Makhleb
Nemelex Xobeh
Okawaru
Zin
Beogh

Annotations:
D:5 3 runed translucent doors, 601d51SH's ghost, novice HuFi
D:7 Joseph


Innate Abilities, Weirdness & Mutations

You are immune to sickness and miasma.
You are immune to poison.
Your flesh is very heat resistant. (rF++)
You are vulnerable to cold. (rC-)
You float through the air rather than walking.
You learn spells naturally, not from books.
Your magical power is your life essence.
You have superior vitality. (+4 MHP)


Message History

There is a stone staircase leading up here.
The wyvern bites you. The wyvern bites you!
You fly upwards.
There is a stone staircase leading down here.
Casting: Scorch (safe; 1% risk of failure)
Confirm with . or Enter, or press ? or * to list all spells.
Aiming: Sting (safe; 1% risk of failure)
Press: ? - help, Shift-Dir - straight line, f - wyvern
Aim: a wyvern (lightly wounded, 78% to hit)
The sting hits the wyvern but does no damage.
The wyvern is poisoned.
The wyvern is lightly wounded.
You block the wyvern's attack.
Unknown command.
Unknown command.
Casting: Sting (safe; 1% risk of failure)
Confirm with . or Enter, or press ? or * to list all spells.
Aiming: Sting (safe; 1% risk of failure)
Press: ? - help, Shift-Dir - straight line, f/p - wyvern
Aim: a wyvern (lightly wounded, poisoned, 78% to hit)
The sting hits the wyvern.
The wyvern looks even sicker.
The wyvern is moderately wounded.
You block the wyvern's attack. x2
Unknown command.
Casting: Sting (safe; 1% risk of failure)
Confirm with . or Enter, or press ? or * to list all spells.
Flames lash the wyvern.
The wyvern is severely wounded.
The wyvern's fire resistance burns away.
You block the wyvern's attack.
Unknown command.
Casting: Scorch (safe; 1% risk of failure)
Confirm with . or Enter, or press ? or * to list all spells.
Flames lash the wyvern.
The wyvern is burned terribly!
The wyvern is almost dead.
* * * LOW HITPOINT WARNING * * *
The wyvern bites you!
* * * LOW HITPOINT WARNING * * *
The wyvern bites you!
You die...

..#.......##'#...........####....
..#......................# #...#
^.#######.......##.......# #...#
..# #.......##.......# #...# ..#
#................# ##+## ..#
#................# #.## ..#
####................# ###.## ###
#..............###### #.....
#..........@...# #.....
#....#######k..# #..... #....#
#...########..... #....#
#..........#..... #..#####
#........'####... ## ####...###
#........#...#... .#
##.......#####......#._.#... .#
#...###...## #......#.§.#... .##
#..##)##...# #......#≈§§##.#


You could see a wyvern (very poisoned, combustible).

Vanquished Creatures
  A yak (D:5)
  A steam dragon (D:6)
  Menkaure (D:5)
  A water moccasin (D:4)
  A sky beast (D:6)
  2 ice beasts
  5 black bears
  2 ogres
  2 centaurs (D:7)
  A kobold brigand (D:7)
  2 lemures (D:7)
  2 elf zombies (Ossuary)
  Blork the orc (D:4)
  A gnoll sergeant (D:5)
  7 scorpions
  2 wights
  2 howler monkeys
  A crimson imp (D:6)
  2 bombardier beetles (D:5)
  2 sleepcaps (D:5)
  2 hounds
  3 orc priests
  4 iguanas
  6 orc wizards
  3 hound zombies
  4 mummies (Ossuary)
  4 gnolls (D:5)
  7 adders
  4 shadow imps
  2 ufetubi (D:7)
  5 dart slugs
  4 ribbon worms
  25 orcs
  7 endoplasms
  4 giant cockroaches
  3 gnoll zombies
  5 goblins
  2 hobgoblins (D:1)
  4 jackals
  2 quokkas
  4 ball pythons
  2 bats
  4 frilled lizards
  A goblin zombie (Ossuary)
  3 hobgoblin zombies (Ossuary)
  2 jackal zombies (Ossuary)
  10 kobolds
  A kobold zombie (D:7)
  4 rats
  A rat zombie (Ossuary)
171 creatures vanquished.

Vanquished Creatures (collateral kills)
  A sleepcap (D:4)
  An adder (D:4)
2 creatures vanquished.

Vanquished Creatures (others)
  105 foxfires
105 creatures vanquished.

Grand Total: 278 creatures vanquished

Notes
Turn   | Place    | Note
-------+----------+-------------------------------------------
     0 | D:1      | Skryme the Djinni Fire Elementalist began the quest for the
                  | Orb.
     0 | D:1      | Skryme set off with the following spells memorised:
                  | Foxfire, Scorch, Volatile Blastmotes, Inner Flame, Flame
                  | Wave.
     0 | D:1      | Reached XP level 1. HP: 15/15 MP: 0/0
   115 | D:1      | Reached XP level 2. HP: 20/22 MP: 0/0
   469 | D:1      | Reached skill level 1 in Fighting
   687 | D:2      | Reached XP level 3. HP: 24/27 MP: 0/0
   687 | D:2      | Learned a level 1 spell: Sting
  1077 | D:2      | Reached XP level 4. HP: 31/32 MP: 0/0
  1084 | D:2      | Reached skill level 1 in Short Blades
  1816 | D:3      | Noticed a black bear
  1823 | D:3      | Killed a black bear
  1824 | D:3      | Reached XP level 5. HP: 19/37 MP: 0/0
  1824 | D:3      | Learned a level 2 spell: Call Imp
  2118 | D:4      | Identified the +1 leather armour of Conscience {Fly Will++}
  2178 | D:4      | Reached XP level 6. HP: 21/42 MP: 0/0
  2317 | D:4      | Noticed a water moccasin
  2332 | D:4      | Killed a water moccasin
  2368 | D:4      | Noticed Blork the orc
  2536 | D:4      | Reached XP level 7. HP: 41/47 MP: 0/0
  2536 | D:4      | Learned a level 2 spell: Searing Ray
  2649 | D:4      | Reached skill level 5 in Dodging
  3180 | D:4      | Killed Blork the orc
  3181 | D:4      | Reached skill level 5 in Spellcasting
  3181 | D:4      | Reached skill level 5 in Conjurations
  3181 | D:4      | Reached skill level 5 in Hexes
  3181 | D:4      | Reached skill level 5 in Summonings
  3181 | D:4      | Reached skill level 5 in Necromancy
  3181 | D:4      | Reached skill level 5 in Translocations
  3181 | D:4      | Reached skill level 5 in Fire Magic
  3181 | D:4      | Reached skill level 5 in Ice Magic
  3181 | D:4      | Reached skill level 5 in Air Magic
  3181 | D:4      | Reached skill level 5 in Earth Magic
  3181 | D:4      | Reached skill level 5 in Alchemy
  3417 | D:5      | Entered Level 5 of the Dungeon
  3418 | D:5      | Noticed Menkaure
  3462 | D:5      | Killed Menkaure
  3463 | D:5      | Reached XP level 8. HP: 52/56 MP: 0/0
  3542 | D:5      | Found a sand-covered staircase.
  3543 | D:5      | Found a runed translucent gate.
  3543 | D:5      | Found a runed translucent gate.
  3543 | D:5      | Found a runed translucent gate.
  3591 | Ossuary  | Entered an ossuary
  4017 | D:5      | Noticed 601d51SH's ghost (novice HuFi)
  4020 | D:5      | Identified the +0 dagger of the Realm of Zot {freeze, rPois
                  | rN+}
  4022 | D:5      | Identified the +11 plate armour of the Unstoppable Queens
                  | {Harm Int+4}
  4023 | D:5      | Found a roughly hewn altar of Beogh.
  4038 | D:5      | Reached skill level 5 in Fighting
  4038 | D:5      | Reached skill level 1 in Shields
  4085 | D:5      | Found an iron altar of Okawaru.
  4137 | D:5      | Found a snail-covered altar of Cheibriados.
  4154 | D:5      | Reached XP level 9. HP: 47/65 MP: 0/0
  4154 | D:5      | Learned a level 4 spell: Leda's Liquefaction
  5322 | D:6      | Found a burning altar of Makhleb.
  5333 | D:6      | Became a worshipper of Makhleb the Destroyer
  5485 | D:6      | Found a glowing silver altar of Zin.
  5486 | D:6      | Found a sparkling altar of Nemelex Xobeh.
  5921 | D:6      | Reached XP level 10. HP: 57/72 MP: 0/0
  6398 | D:7      | Found a staircase to the Ecumenical Temple.
  6403 | D:7      | Reached skill level 5 in Shields
  6501 | D:7      | Identified 2 scrolls of acquirement
  6507 | D:7      | Acquired a manual of Long Blades
  6509 | D:7      | Acquired the ring of Ethics {rCorr Str-4 Int+2 Slay+4}
  6581 | D:7      | Reached skill level 1 in Long Blades
  6643 | D:7      | Reached * piety under Makhleb
  6690 | D:7      | Noticed Joseph
  6710 | D:6      | Mangled by a wyvern

Illustrated notes

Levels and vault maps discovered:
D:1:      dpeg_arrival_windows_large_door, layout_rooms, serial_forest,
          infiniplex_forest_lined_2, infiniplex_forest_lined_3,
          infiniplex_forest_pool, infiniplex_forest_end_2,
          infiniplex_forest_lined_2, infiniplex_forest_clump_C,
          infiniplex_forest_clump_cross
D:2:      layout_basic, serial_bayou_ford_a, nicolae_wormholes
D:3:      layout_basic, chequers_arboretum, minmay_liquid_box, minivault_19
D:4:      layout_loops_ring, uniq_blork_the_orc
D:5:      layout_rooms, mainiacjoe_overflow_small_starburst,
          mainiacjoe_overflow_paths, biasface_ghost_orc_armoury,
          enter_ossuary_1, nzn_random_ring, uniq_menkaure
D:6:      layout_basic, makhleb_grotto_becter, mainiacjoe_overflow_divided_tiny,
          minmay_puff
D:7:      layout_cave_pools, regret_index_kikubaaqudgha_part_by_part,
          lemuel_tele_altar, nicolae_overflow_hidden_temple,
          minmay_temple_entry_glass, serial_bayou_lake_a, uniq_joseph,
          uniq_prince_ribbit1, uniq_pikel

Skill      XL: |  1  2  3  4  5  6  7  8  9 10 |
---------------+-------------------------------+-----
Fighting       | 1 3 5 6 |  6.3
Stealth        | 2 3 4 |  4.3
Short Blades   | 1 |  1.0
Dodging        | 3 4 5 |  5.7
Spellcasting   | 4 5 6 7 |  7.5
Conjurations   | 4 5 6 7 |  7.5
Hexes          | 4 5 6 7 |  7.5
Summonings     | 4 5 6 7 |  7.5
Necromancy     | 4 5 6 7 |  7.5
Translocations | 4 5 6 7 |  7.5
Fire Magic     | 4 5 6 7 |  7.5
Ice Magic      | 4 5 6 7 |  7.5
Air Magic      | 4 5 6 7 |  7.5
Earth Magic    | 4 5 6 7 |  7.5
Alchemy        | 4 5 6 7 |  7.5
Shields        | 1 4 5 |  5.0
Long Blades    | 2 |  2.2

Action                     |  1- 3 |  4- 6 |  7- 9 | 10-12 || total
---------------------------+-------+-------+-------+-------++-------
  Melee: Dagger            |     2 |       |       |       ||     2
         Short sword       |       |    78 |    71 |    34 ||   183
  Throw: Dart              |     1 |       |       |       ||     1
   Cast: Foxfire           |    47 |    12 |       |     2 ||    61
         Sting             |    10 |    29 |    46 |    18 ||   103
         Inner Flame       |     1 |       |     1 |       ||     2
         Volatile Blastmot |       |     1 |       |       ||     1
         Call Imp          |       |     2 |     3 |       ||     5
         Scorch            |       |     1 |   108 |    31 ||   140
         Flame Wave        |       |     1 |     4 |       ||     5
         Searing Ray       |       |       |     4 |       ||     4
    Use: Potion            |     1 |     1 |       |       ||     2
         Scroll            |       |       |    13 |     7 ||    20
   Stab: Sleeping          |       |     1 |     2 |       ||     3
 Armour: Robe              |     9 |    29 |       |       ||    38
         Leather armour    |       |    26 |   101 |    22 ||   149
  Dodge: Dodged            |    10 |    68 |   123 |    22 ||   223
  Block: Buckler           |       |       |     2 |    22 ||    24

Table legend: (Time is in decaauts)
 A = Elapsed time spent in this place.
 B = Non-inter-level travel time spent in this place.
 C = Inter-level travel time spent in this place.
 D = Time resting spent in this place.
 E = Time spent auto-exploring this place.
 F = Levels seen in this place.
 G = Mean time per level.
                   A        B        C        D        E       F      G
               +--------+--------+--------+--------+--------+-----+--------+
         Total |   6698 |   6564 |    134 |   1825 |   2812 |   8 |  837.2 |
       Dungeon |   6343 |   6209 |    134 |   1673 |   2812 |   7 |  906.1 |
       Ossuary |    354 |    354 |      0 |    152 |      0 |   1 |  354.0 |
               +--------+--------+--------+--------+--------+-----+--------+

Top non-repeatable levels by time:
     D:5: 1456 daAuts
     D:4: 1400 daAuts
     D:6: 988 daAuts
     D:2: 790 daAuts
     D:3: 662 daAuts
     D:1: 589 daAuts
     D:7: 457 daAuts
 Ossuary: 354 daAuts
